 Dungeon Crawl Stone Soup version 0.31.0-11-ge490571c62 (webtiles) character file.

Game seed: 5310819735695646037

9 browni3141 the Shooter (level 2, 22/22 HPs)
             Began as a Demonspawn Hunter on Jan 31, 2024.
             Got out of the dungeon alive.
             The game lasted 00:00:07 (333 turns).

browni3141 the Shooter (Demonspawn Hunter)           Turns: 333, Time: 00:00:08

Health: 22/22      AC:  3    Str: 11    XL:     2   Next: 3%
Magic:  2/2        EV: 12    Int:  9    God:
Gold:   32         SH:  0    Dex: 16    Spells: 1/1 levels left

rFire   . . .        a - +0 shortbow
rCold   . . .        (shield currently unavailable)
rNeg    . . .        c - +0 leather armour
rPois   .            (no helmet)
rElec   .            (no cloak)
rCorr   .            (no gloves)
SInv    .            (no boots)
Will    .....        (no amulet)
Stlth   ++           (no ring)
HPRegen 0.23/turn    (no ring)
MPRegen 0.08/turn

%: no passive effects
@: no status effects
A: powered by pain 1
a: no special abilities


You escaped.
You visited 1 branch of the dungeon, and saw 1 of its levels.

You collected 32 gold pieces.

Inventory:

Hand Weapons
 a - a +0 shortbow (weapon)
Missiles
 h - 4 boomerangs
Armour
 c - a +0 leather armour (worn)
Scrolls
 b - a scroll of butterflies
 f - a scroll of blinking {unknown}
 i - a scroll of identify {unknown}
Potions
 d - a potion of enlightenment {unknown}
 e - a potion of brilliance {unknown}
 g - a potion of berserk rage {unknown}


   Skills:
 + Level 2.2 Fighting
 + Level 3.7 Ranged Weapons
 + Level 2.0 Dodging
 + Level 1.2 Stealth


You had one spell level left.
You didn't know any spells.
Your spell library contained the following spells:

 Spells                   Type           Power      Damage    Failure   Level
 Summon Ice Beast         Ice/Summ       0%         N/A       85%         3
 Summon Mana Viper        Hex/Summ       0%         N/A       100%        5
 Monstrous Menagerie      Summ           0%         N/A       100%        7


Dungeon Overview and Level Annotations

Branches:
Dungeon (1/15)

Altars:


Innate Abilities, Weirdness & Mutations

You sometimes gain a little power by taking damage.


Message History

No target in view!
No target in view!
e - a smoky white potion No target in view!
f - a scroll labelled BASKAE KOMERR No target in view!
You now have 13 gold pieces.
There is a stone staircase leading down here.
g - an orange potion No target in view!
A quokka comes into view.
You shoot an arrow. The arrow hits the quokka.
The quokka is severely wounded.
A quokka is nearby!
You shoot an arrow. The arrow completely misses the quokka.
A quokka is nearby!
You shoot an arrow.
The arrow hits the quokka but does no damage.
The quokka is severely wounded.
A quokka is nearby!
You shoot an arrow. The arrow hits the quokka.
You kill the quokka!
You see here a quokka corpse.
You now have 22 gold pieces (gained 9).
A bat comes into view.
You shoot an arrow. The arrow hits the bat!
You kill the bat!
Your Stealth skill increases to level 1!
A kobold comes into view. It is wielding a +0 dagger.
You shoot an arrow. The arrow hits the kobold.
The kobold shouts!
The kobold is severely wounded.
You shoot an arrow.
The arrow hits the kobold but does no damage.
The kobold is severely wounded.
A kobold is nearby!
You shoot an arrow.
The arrow hits the kobold but does no damage.
The kobold is severely wounded.
A kobold is nearby!
You shoot an arrow. The arrow hits the kobold.
You kill the kobold!
h - 4 boomerangs You now have 32 gold pieces (gained 10).
Found a stone staircase leading down.
No target in view!
i - a scroll labelled HUNUENLEFILE No target in view!
There is a stone staircase leading down here.
There is a stone staircase leading down here.
A goblin comes into view. It is wielding a +1 dagger of freezing.
You shoot an arrow. The arrow hits the goblin.
The goblin is heavily wounded.
A goblin is nearby!
You shoot an arrow. The arrow barely misses the goblin.
A goblin is nearby!
You shoot an arrow. The arrow hits the goblin!
You kill the goblin!
You see here a +1 dagger of freezing.
A kobold comes into view. It is wielding a +0 club.
The kobold shouts!
You shoot an arrow. The arrow barely misses the kobold.
The kobold throws a stone.
The stone closely misses you.
A kobold is nearby!
You shoot an arrow.
The arrow hits the kobold but does no damage.
A kobold is nearby!
You shoot an arrow. The arrow barely misses the kobold.
A kobold is nearby!
You shoot an arrow. The arrow closely misses the kobold.
The kobold throws a stone.
The stone closely misses you.
A kobold is nearby!
You shoot an arrow. The arrow hits the kobold.
You kill the kobold!
Things that are here:
a +0 club; 2 stones; a kobold corpse A goblin comes into view.
It is wielding a +0 club.
You shoot an arrow. The arrow hits the goblin.
The goblin shouts!
The goblin is moderately wounded.
You shoot an arrow. The arrow hits the goblin!
You kill the goblin!
Your Dodging skill increases to level 2!
Things that are here:
a +0 club; a goblin corpse Key pressed, stopping explore.
No target in view!
No target in view!
Key pressed, stopping explore.
No target in view!
An endoplasm comes into view.
The endoplasm quivers.
You shoot an arrow. The arrow hits the endoplasm.
You kill the endoplasm!
You have reached level 2!
Your demonic ancestry asserts itself...
You feel energised by your suffering.
There is a stone staircase leading down here.
There is a staircase leading out of the dungeon here.
You have escaped!

#..# #........... #.
##..#######.########.# ####.
#...........### #.#
##....#####....#######..# #.#
#..##.......>...######..# #.#
##.....[.................######.#
...≈§§≈....#...≈≈≈≈.............#
#.≈≈§≈≈≈......≈≈≈≈.≈.###.######.#
#.§§§≈≈≈......≈≈@>≈≈.# #.÷.......
#.≈≈≈≈≈≈......≈≈≈≈≈≈.# ########.#
#.§≈≈≈≈..####..≈≈≈≈..# #.#
#......## ##......## #.# #.##.#.#
#.###### #.# # ...#.# #.# #.#
###....# ..# #.# #........ ...#
#.# #.#..........# #.#


There were no monsters in sight!

Vanquished Creatures
  A bat (D:1)
  An endoplasm (D:1)
  2 goblins (D:1)
  A quokka (D:1)
  2 kobolds (D:1)
7 creatures vanquished.

Notes
Turn   | Place    | Note
-------+----------+-------------------------------------------
     0 | D:1      | browni3141 the Demonspawn Hunter began the quest for the
                  | Orb.
     0 | D:1      | Reached XP level 1. HP: 16/16 MP: 1/1
    69 | D:1      | Reached skill level 1 in Stealth
   315 | D:1      | Gained mutation: You sometimes gain a little power by
                  | taking damage. [demonic ancestry]
   315 | D:1      | Reached XP level 2. HP: 22/22 MP: 2/2
   333 | D:$      | Got out of the dungeon alive.

Illustrated notes

Levels and vault maps discovered:
D:1:      dpeg_arrival_pits, layout_loops_ring, chequers_avenue

Skill      XL: |  1 |
---------------+----+-----
Stealth        | 1 |  1.2
Dodging        | 2 |  2.0
Fighting       | |  2.2
Ranged Weapons | |  3.7

Action                     || total
---------------------------++-------
   Fire: Shortbow          ||    20
  Dodge: Dodged            ||     2
